 Dungeon Crawl Stone Soup version 0.28.0-45-g0d030f2227 (webtiles) character file.

Game seed: 15203599399209774432

67 NinjaNoafa the Covered (level 4, -9/40 HPs)
             Began as a Minotaur Fighter on Apr 6, 2022.
             Mangled by a gnoll
             ... wielding a +0 halberd
              (11 damage)
             ... on level 2 of the Dungeon.
             The game lasted 00:03:59 (1136 turns).

NinjaNoafa the Covered (Minotaur Fighter)           Turns: 1136, Time: 00:04:00

Health: -9/40      AC:  7    Str: 20 (22) XL:     4   Next: 0%
Magic:  3/3        EV:  9    Int:  4 (5)  God:
Gold:   51         SH:  4    Dex:  7 (10) Spells: 3/3 levels left

rFire   + . .      SeeInvis .   h - +3 short sword (freeze)
rCold   + . .      Faith    .   c - +0 buckler
rNeg    . . .      Spirit   .   b - +0 scale mail
rPois   +          Reflect  .   (helmet restricted)
rElec   +          Harm     .   (no cloak)
rCorr   +          Rampage  .   (no gloves)
Will    .....                   (no boots)
Stlth   ..........              (no amulet)
HPRegen 0.13/turn               (no ring)
MPRegen 0.08/turn               (no ring)

@: resistant, attractive, hasted, very quick
A: horns 2, retaliatory headbutt
a: no special abilities


You were on level 2 of the Dungeon.
You visited 1 branch of the dungeon, and saw 2 of its levels.

You collected 51 gold pieces.

Inventory:

Hand Weapons
 a - a +0 long sword
 g - a +1 whip of electrocution
 h - a +3 short sword of freezing (weapon)
 m - a +2 dagger of holy wrath
Missiles
 k - 13 stones (quivered)
Armour
 b - a +0 scale mail (worn)
 c - a +0 buckler (worn)
 j - a +0 chain mail


   Skills:
 + Level 4.1 Fighting
 * Level 1.4(2.2) Short Blades
 - Level 2.8(3.0) Long Blades
 - Level 0.4 Maces & Flails
 + Level 4.4 Armour
 + Level 4.2 Shields


You had 3 spell levels left.
You didn't know any spells.
Your spell library was empty.

Dungeon Overview and Level Annotations

Branches:
Dungeon (2/15)

Altars:


Innate Abilities, Weirdness & Mutations

You have a pair of horns on your head.
You reflexively headbutt those who attack you in melee.


Message History

The gnoll hits you with a +0 club.
* * * LOW HITPOINT WARNING * * *
The gnoll barely misses you.
It was a potion of haste.
You feel yourself speed up. The gnoll hits you with a +0 club.
* * * LOW HITPOINT WARNING * * *
The gnoll hits you but does no damage.
It was a potion of attraction.
You feel attractive to monsters. The gnoll is attracted toward you. x3
It was a potion of degeneration.
There was something very wrong with that liquid.
You feel weakened.
You feel dopey.
You feel clumsy. The gnoll hits you with a +0 whip.
* * * LOW HITPOINT WARNING * * *
The gnoll is attracted toward you. The gnoll is attracted toward you. x3
You see here a dart slug corpse.
The gnoll is attracted toward you. The gnoll is attracted toward you. x3
The gnoll is attracted toward you. The gnoll is attracted toward you.
The gnoll is attracted toward you. x3
As you read the scroll labelled JIODDI FUADGH, it crumbles to dust.
You assume a fearsome visage.
The gnoll looks frightened! x3
It was a scroll of fear.
The gnoll almost stumbles in trying to escape.
The gnoll is attracted toward you. x2
The gnoll is attracted toward you. x2
As you read the scroll labelled KAOKISI CUARU VIF, it crumbles to dust.
The creatures around you are filled with an inner flame!
It was a scroll of immolation.
The gnoll is attracted toward you. x3
The gnoll cowers, then darts away.
The gnoll is attracted toward you. x3
The gnoll hits you from afar with a +0 halberd!
* * * LOW HITPOINT WARNING * * *
The gnoll is attracted toward you. x2
The gnoll hits you from afar with a +0 halberd!
You die...

####.##..# .. #.
.......§.# . #.#
####.##.## . #.# #.##§# ##
#.# #.##§######. ...
#.#######...........
##.)###.##.....§..§§.####.
............§.####§#.#
#.......@.gg§g§§gg#.#
#.#.##.##.##§######.#
#.†......# # #. #.##.##..#
# #. #.##.##..#
#.#.##........#
#.#....|...##.#
##.............#
...#........####


You could see 3 gnolls.

Vanquished Creatures
  An adder (D:2)
  2 dart slugs
  4 endoplasms
  7 giant cockroaches
  7 goblins
  4 hobgoblins
  5 jackals (D:1)
  3 ball pythons
  4 bats
  4 frilled lizards
  2 kobolds (D:1)
  7 rats
50 creatures vanquished.

Notes
Turn   | Place    | Note
-------+----------+-------------------------------------------
     0 | D:1      | NinjaNoafa the Minotaur Fighter began the quest for the
                  | Orb.
     0 | D:1      | Reached XP level 1. HP: 19/19 MP: 0/0
   188 | D:1      | Reached XP level 2. HP: 23/27 MP: 1/1
   460 | D:1      | Reached XP level 3. HP: 33/33 MP: 2/2
   669 | D:1      | Found a faded altar of an unknown god.
   892 | D:2      | Reached skill level 1 in Short Blades
  1109 | D:2      | Reached XP level 4. HP: 25/40 MP: 3/3
  1135 | D:2      | HP: 2/40 [gnoll/+0 halberd (7)]
  1136 | D:2      | Mangled by a gnoll

Illustrated notes

Levels and vault maps discovered:
D:1:      evilmike_arrival_come_back, layout_loops_ring,
          hellmonk_ecumenical_altar_run_dry, minmay_worlds_worst_comb
D:2:      layout_loops_ring, minmay_tetromino_s4

Skill      XL: |  1  2  3 |
---------------+----------+-----
Armour         | 4 |  4.4
Fighting       | 4 |  4.1
Shields        | 4 |  4.2
Short Blades   | 1 |  1.4
Long Blades    | |  2.8
Maces & Flails | |  0.4

Action                   |  1- 3 |  4- 6 || total
-------------------------+-------+-------++-------
Melee: Long sword        |    41 |       ||    41
       Headbutt          |     7 |       ||     7
       Whip              |     8 |       ||     8
       Short sword       |    45 |     2 ||    47
  Use: Potion            |     1 |     4 ||     5
       Scroll            |       |     2 ||     2
Armor: Scale mail        |    70 |     1 ||    71
Dodge: Dodged            |    70 |     1 ||    71
Block: Buckler           |    37 |       ||    37
